 Dungeon Crawl Stone Soup version 0.30-a0-49-g1cef19eb02 (webtiles) character file.

Game seed: 4196069631391613356

56 SwiftSteady the Chopper (level 3, 0/33 HPs)
             Began as a Hill Orc Monk on Sept 2, 2022.
             Slain by a gnoll
             ... wielding a +0 whip
              (3 damage)
             ... on level 2 of the Dungeon.
             The game lasted 00:03:25 (1850 turns).

SwiftSteady the Chopper (Hill Orc Monk)             Turns: 1850, Time: 00:03:27

Health: 0/33       AC:  3    Str: 15    XL:     3   Next: 97%
Magic:  3/3        EV: 13    Int: 10    God:
Gold:   48         SH:  0    Dex: 19    Spells: 2/2 levels left

rFire   . . .      SeeInvis .    a - +0 hand axe
rCold   . . .      Faith    .    (no shield)
rNeg    . . .      Spirit   .    b - +0 robe
rPois   .          Reflect  .    (no helmet)
rElec   .          Harm     .    (no cloak)
rCorr   .          Rampage  .    g - +0 pair of gloves
Will    .....                    (no boots)
Stlth   ++........               (no amulet)
HPRegen 0.11/turn                i - +6 ring of dexterity
MPRegen 0.08/turn                (no ring)

@: no status effects
A: no striking features
a: no special abilities


You were on level 2 of the Dungeon.
You visited 1 branch of the dungeon, and saw 2 of its levels.

You collected 48 gold pieces.

Inventory:

Hand Weapons
 a - a +0 hand axe (weapon)
Missiles
 h - 3 boomerangs (quivered)
Armour
 b - a +0 robe (worn)
 g - a +0 pair of gloves (worn)
Jewellery
 i - a +6 ring of dexterity (left hand)
Scrolls
 e - a scroll of noise {unknown}
 f - a scroll of vulnerability {unknown}
 j - a scroll of immolation {unknown}
Potions
 d - a potion of berserk rage {unknown}


   Skills:
 + Level 4.1 Fighting
 + Level 5.0 Axes
 + Level 0.1 Throwing
 + Level 2.9 Dodging
 + Level 1.9 Stealth


You had 2 spell levels left.
You didn't know any spells.
Your spell library contained the following spells:

 Spells                   Type           Power      Damage    Failure   Level
 Ignite Poison            Fire/Tmut/Pois 0%         N/A       75%         3
 Mephitic Cloud           Conj/Pois/Air  0%         N/A       75%         3
 Freezing Cloud           Conj/Ice/Air   0%         6-21      100%        5


Dungeon Overview and Level Annotations

Branches:
Dungeon (2/15)

Altars:


Message History

You throw a boomerang. The boomerang hits the gnoll.
The gnoll is severely wounded.
The gnoll barely misses you.
Throw: 3 boomerangs
Press: ? - help, Q - select action Shift-Dir - straight line, f/p - gnoll
Aim: a gnoll, wielding a +0 club (severely wounded, 66% to hit)
You throw a boomerang. The boomerang hits the gnoll.
You kill the gnoll!
The gnoll hits you with a +0 whip.
Your Axes skill increases to level 5!
Throw: 3 boomerangs
Press: ? - help, Q - select action Shift-Dir - straight line, f - gnoll
Aim: a gnoll, wielding a +0 whip (lightly wounded, 66% to hit)
You throw a boomerang. The boomerang barely misses the gnoll.
The boomerang hits the gnoll but does no damage.
The gnoll hits you with a +0 whip.
Throw: 3 boomerangs
Press: ? - help, Q - select action Shift-Dir - straight line, f/p - gnoll
Aim: a gnoll, wielding a +0 whip (lightly wounded, 66% to hit)
You throw a boomerang. The boomerang barely misses the gnoll.
The boomerang hits the gnoll but does no damage.
The gnoll hits you with a +0 whip.
* * * LOW HITPOINT WARNING * * *
You hit the gnoll.
The gnoll is moderately wounded.
The gnoll hits you but does no damage.
You closely miss the gnoll.
The gnoll is moderately wounded.
The gnoll barely misses you.
You hit the gnoll.
The gnoll is moderately wounded.
The gnoll hits you with a +0 whip.
* * * LOW HITPOINT WARNING * * *
Throw: 3 boomerangs
Press: ? - help, Q - select action Shift-Dir - straight line, f/p - gnoll
Aim: a gnoll, wielding a +0 whip (moderately wounded, 66% to hit)
You throw a boomerang. The boomerang hits the gnoll.
The gnoll is severely wounded.
The gnoll hits you with a +0 whip.
You die...

............# # #...# #...# #
#...# #..# ###...###..# #.
.........).# #. ..w....g...#
#...# .# ........g..# #####...#
.# ###g..###g.# #.......# .# #
#...# #.g# #@# #..#####.#
###...###.g# ##g# #........####
...........####)g# #.##<.....#..
...........##...## #...........#
..........g...### ######...#..#
###...###....## #.#.#..# # #...#
#..#.#############.###..#
###..÷###..#.............#......#
......†..................#####.##


You could see 2 gnolls.

Vanquished Creatures
  2 gnolls (D:2)
  A worm (D:2)
  A dart slug (D:1)
  2 ball pythons (D:1)
  4 endoplasms (D:1)
  A goblin (D:1)
  4 hobgoblins (D:1)
  2 kobolds
  3 quokkas
  4 bats
  4 frilled lizards
  4 rats
32 creatures vanquished.

Notes
Turn   | Place    | Note
-------+----------+-------------------------------------------
     0 | D:1      | SwiftSteady the Hill Orc Monk began the quest for the Orb.
     0 | D:1      | Reached XP level 1. HP: 19/19 MP: 1/1
    52 | D:1      | Reached XP level 2. HP: 25/27 MP: 2/2
   870 | D:1      | Reached XP level 3. HP: 25/33 MP: 3/3
  1845 | D:2      | Reached skill level 5 in Axes
  1850 | D:2      | Slain by a gnoll

Illustrated notes

Levels and vault maps discovered:
D:1:      spicycebolla_green_bress_n_ham, layout_basic, due_unseen_surprise
D:2:      layout_basic, kennysheep_boxes

Skill      XL: |  1  2  3 |
---------------+----------+-----
Fighting       | 4 |  4.1
Axes           | 5 |  5.0
Throwing       | |  0.1
Dodging        | |  2.9
Stealth        | |  1.9

Action                   || total
-------------------------++-------
Melee: Hand axe          ||   113
Throw: Boomerang         ||    17
  Use: Potion            ||     1
 Stab: Sleeping          ||     4
Armor: Robe              ||    16
Dodge: Dodged            ||    72

Table legend: (Time is in decaauts)
 A = Elapsed time spent in this place.
 B = Non-inter-level travel time spent in this place.
 C = Inter-level travel time spent in this place.
 D = Time resting spent in this place.
 E = Time spent auto-exploring this place.
 F = Levels seen in this place.
 G = Mean time per level.
                   A        B        C        D        E       F      G
               +--------+--------+--------+--------+--------+-----+--------+
         Total |   1861 |   1842 |     19 |    575 |    960 |   2 |  930.5 |
       Dungeon |   1861 |   1842 |     19 |    575 |    960 |   2 |  930.5 |
               +--------+--------+--------+--------+--------+-----+--------+

Top non-repeatable levels by time:
     D:1: 1305 daAuts
     D:2: 555 daAuts
